 Dungeon Crawl Stone Soup version 0.29.1-1-gd02db6906a (webtiles) character file.

Game seed: 9132113726138648112

100 Glomglom the Cudgeller (level 4, -3/41 HPs)
             Began as a Minotaur Berserker on Oct 3, 2022.
             Was a Believer of Trog.
             Slain by an iguana (10 damage)
             ... on level 3 of the Dungeon.
             The game lasted 00:16:49 (2309 turns).

Glomglom the Cudgeller (Minotaur Berserker)         Turns: 2309, Time: 00:16:49

Health: -3/41      AC:  9    Str: 23    XL:     4   Next: 46%
Magic:  3/3        EV:  8    Int:  4    God:    Trog [**....]
Gold:   63         SH:  3    Dex: 10    Spells: 3/3 levels left

rFire   . . .      SeeInvis .   a - +0 mace
rCold   . . .      Faith    .   F - +0 buckler
rNeg    . . .      Spirit   .   u - +0 chain mail
rPois   .          Reflect  .   (helmet restricted)
rElec   .          Harm     .   (no cloak)
rCorr   .          Rampage  .   (no gloves)
Will    .....                   (no boots)
Stlth   ..........              (no amulet)
HPRegen 0.13/turn               (no ring)
MPRegen 0.08/turn               (no ring)

@: no status effects
A: horns 2, retaliatory headbutt
a: Renounce Religion, Berserk, Trog's Hand


You were on level 3 of the Dungeon.
You worshipped Trog.
Trog was pleased with you.
You visited 1 branch of the dungeon, and saw 3 of its levels.

You collected 63 gold pieces.

Inventory:

Hand Weapons
 a - a +0 mace (weapon)
 d - a +0 dagger
 g - a +0 whip
 j - a +0 spear
 m - a +0 club
 p - a +0 mace
 q - a +0 dagger
 s - a +0 club
 x - a +0 whip
 y - a +0 spear
 z - a +0 club
 A - a +0 short sword
 B - a +0 dagger
 D - a +0 whip
Missiles
 c - 21 stones (quivered)
 i - 20 poisoned darts
Armour
 b - a +0 animal skin
 l - a +0 ring mail
 u - a +0 chain mail (worn)
 E - a +0 leather armour
 F - a +0 buckler (worn)
Jewellery
 G - a +4 ring of protection
Scrolls
 e - 3 scrolls of identify {unknown}
 k - a scroll of noise {unknown}
 n - a scroll of immolation {unknown}
 o - a scroll of enchant armour {unknown}
 r - a scroll of enchant weapon {unknown}
 w - a scroll of teleportation {unknown}
 C - a scroll of vulnerability {unknown}
Potions
 f - a potion of lignification {unknown}
 h - 2 potions of heal wounds {unknown}
 t - a potion of magic {unknown}
 v - a potion of might {unknown}


   Skills:
 + Level 4.4 Fighting
 + Level 4.9 Maces & Flails
 + Level 3.2 Armour
 + Level 2.9 Dodging
 + Level 0.2 Stealth


You had 3 spell levels left.
You didn't know any spells.
Your spell library was empty.

Dungeon Overview and Level Annotations

Branches:
Dungeon (3/15)

Altars:
The Shining One

Shops:
D:1 ?*([

Annotations:
D:1 Shop


Innate Abilities, Weirdness & Mutations

You have a pair of horns on your head.
You reflexively headbutt those who attack you in melee.


Message History

You see here a howler monkey corpse.
The giant cockroach waves its antennae.
You block the giant cockroach's attack.
The giant cockroach attacks as you move away!
The giant cockroach bites you but does no damage.
The giant cockroach completely misses you.
The iguana attacks as you move away! You block the iguana's attack.
You hit the giant cockroach but do no damage.
The giant cockroach is heavily wounded.
The giant cockroach bites you but does no damage.
You block the giant cockroach's attack.
You closely miss the giant cockroach.
The giant cockroach is heavily wounded.
You block the giant cockroach's attack.
You closely miss the giant cockroach.
The giant cockroach is heavily wounded.
The giant cockroach bites you but does no damage. x2
You hit the giant cockroach but do no damage.
You headbutt the giant cockroach.
The giant cockroach is almost dead.
The giant cockroach bites you but does no damage.
You sock the giant cockroach!
You kill the giant cockroach!
Trog accepts your kill.
You barely miss the iguana. Your headbutt misses the iguana.
The iguana bites you but does no damage.
The iguana barely misses you.
You hit the iguana. Your headbutt misses the iguana.
The iguana is moderately wounded.
The iguana bites you!
You barely miss the iguana. Your headbutt misses the iguana.
The iguana is moderately wounded.
The iguana bites you.
You hit the iguana.
The iguana is moderately wounded.
The iguana bites you. The iguana bites you!
* * * LOW HITPOINT WARNING * * *
The iguana bites you!
You die...

#.# #.....##....#.#
#.#######....##.#.#
#.......#.#####.#.#
...P......# #.#.#
..♣P.....######.#.###..
.P♣PP.♣...............#
..P._.♣..######K#.#####
..PPP..P.# ####l#.####
.PP♣♣P♣..# #....@....#
... ...P.# #.........#
#. ....)## #.........#
# .....## #.........#
#.........# ###########


You could see an iguana and a kobold.

Vanquished Creatures
  A howler monkey (D:3)
  3 gnolls (D:2)
  3 endoplasms
  A giant cockroach (D:3)
  2 goblins (D:1)
  A hobgoblin (D:2)
  2 jackals
  3 quokkas
  5 ball pythons (D:1)
  4 bats
  2 frilled lizards
  3 kobolds
  2 rats
32 creatures vanquished.

Notes
Turn   | Place    | Note
-------+----------+-------------------------------------------
     0 | D:1      | Glomglom the Minotaur Berserker began the quest for the
                  | Orb.
     0 | D:1      | Reached XP level 1. HP: 19/19 MP: 0/0
   204 | D:1      | Found Zaanucha's Weapon Boutique.
   550 | D:1      | Found Jecommen's Magic Scroll Boutique.
   633 | D:1      | Reached XP level 2. HP: 21/27 MP: 1/1
   726 | D:1      | Found Vaudoom's General Store.
   847 | D:1      | Found Omaohere's Antique Armour Boutique.
   993 | D:1      | Found a glowing golden altar of the Shining One.
  1605 | D:2      | Reached XP level 3. HP: 33/33 MP: 2/2
  1613 | D:2      | Reached ** piety under Trog
  2236 | D:3      | Found a faded altar of an unknown god.
  2277 | D:3      | Reached XP level 4. HP: 32/41 MP: 3/3
  2309 | D:3      | Slain by an iguana

Illustrated notes

Levels and vault maps discovered:
D:1:      minmay_arrival_stair_chambers, layout_loops_ring, serial_shops,
          nicolae_lakefront_shop, shop, nicolae_diamond_shop,
          nicolae_square_shop, minmay_hexomino_r4
D:2:      layout_basic
D:3:      layout_rooms, amcnicky_altar_gilded, dreamdust_ecumenical_altar_grove,
          minmay_randomly_rotated_circles

Skill      XL: |  1  2  3 |
---------------+----------+-----
Maces & Flails | 4 |  4.9
Fighting       | 4 |  4.4
Armour         | 3 |  3.2
Dodging        | |  2.9
Stealth        | |  0.2

Action                   |  1- 3 |  4- 6 || total
-------------------------+-------+-------++-------
Melee: Mace              |    64 |    10 ||    74
       Headbutt          |     9 |     1 ||    10
Armor: Animal skin       |     6 |       ||     6
       Ring mail         |    18 |       ||    18
       Chain mail        |     6 |     8 ||    14
Dodge: Dodged            |    45 |     3 ||    48
Block: Buckler           |       |     4 ||     4
